woodfighter, neutral female scurrid Tourist ; H u ; .%u r .@! .)r g ;; ; ;; ; ; woodfighter the Traveler Experience level: 15 Strength: 25 Dexterity: 15 Constitution: 14 Intelligence: 14 Wisdom: 9 Charisma: 19 Health: 85(86) Energy: 70(70) Def: 21 Gold: 0 Moves: 14397 Dungeon seed: rOsUbR9PLerB4Y3b Game ID: woodfighter_1518897710 Your Inventory: Amulets X - an uncursed amulet of ESP (being worn) Weapons a - a blessed +6 elven spear named Spear of Glory (weapon in paw) h - a cursed -3 silver saber N - 57 blessed +3 darts (in quiver) Armor e - an uncursed +0 pair of leather gloves n - a blessed +2 pair of gauntlets of power (being worn) r - an uncursed +0 elven shield (being worn) z - an uncursed +2 elven leather helm (being worn) D - an uncursed +0 dwarvish mithril-coat (being worn) H - an uncursed +0 elven mithril-coat J - a blessed +2 dwarvish cloak (being worn) Y - an uncursed +0 pair of speed boots (being worn) Comestibles i - an uncursed C-ration p - 3 uncursed candy bars t - 3 uncursed fortune cookies v - 4 uncursed food rations K - an uncursed eucalyptus leaf R - an uncursed pancake S - 4 uncursed oranges Z - 3 uncursed lizard corpses Rings A - an uncursed ring of free action (on left paw) M - an uncursed +1 ring of protection (on right paw) Wands d - a wand of fire (0:7) f - a wand of digging (0:5) g - a blessed wand of teleportation (0:3) L - a wand of speed monster (0:6) O - a wand of striking (0:5) Tools k - an expensive camera (0:78) q - a -5 unicorn horn w - an uncursed magic whistle y - an uncursed credit card Q - a blessed oil lamp (0:1205) T - an uncursed brass lantern (0:1442) V - the blessed greased Orb of Fate (0:2) W - an uncursed towel Gems B - a blessed luckstone Spells and supernatural/magical abilities: Name Level Category Fail Memory W - pray for help -- divine ? -- Your skills at the end: Miscellaneous Skills wands [Basic] Weapon Skills dart [Expert] Spellcasting Skills Final Attributes: You were fervently aligned. You were cold resistant. You were sleep resistant. You were poison resistant. Your writing paw was ok. You were telepathic. You were warned. You had automatic searching. You had infravision. You were invisible. You were stealthy. You were protected. You were very fast. You had free action. You were lucky. You had extra luck. Good luck did not time out for you. You are dead. Vanquished creatures: 6 elder green dragons 3 green dragons 2 young gray dragons a titanothere 33 baby green dragons a captain 4 nurses 2 golden nagas a vampire 3 ghosts a lieutenant 2 giant mimics an ogre king an ice troll a large mimic a wumpus a baby long worm a stalker 2 giant zombies 4 sergeants 3 wargs a quantum mechanic 6 small mimics 2 warhorses 2 xans 2 ettin mummies 6 trolls a wood golem 3 freezing spheres 2 flaming spheres a shocking sphere a large cat 2 tigers 2 dwarf kings 3 tengu 2 crocodiles a leocrotta 3 mountain centaurs 7 giants 2 elf mummies a red naga a Grey-elf 3 wraiths 2 ettin zombies 9 soldiers 3 giant beetles 4 cockatrices 3 wolves a black light 2 panthers a gremlin 5 leprechauns a quivering blob 2 spotted jellies 7 lizards a mumak 5 giant spiders a scorpion 2 ice vortices 5 vampire bats 6 forest centaurs 3 gnome kings an orc mummy 2 dwarf mummies 4 ogres 11 Green-elves 2 rust monsters an owlbear 2 yetis 2 gold golems 2 piranhas a guide 3 chickatrices a dingo a housecat 2 jaguars 2 dwarf lords 2 blue jellies a white unicorn 3 dust vortices 2 ravens 2 plains centaurs a gnome mummy 3 Woodland-elves 2 snakes 5 human zombies 4 fire ants 2 yellow lights 14 bugbears 2 wood nymphs 11 Uruk-hai 2 rock moles 2 rock piercers a pony 2 fog clouds 2 violet fungi 18 gnome lords 2 gnomish wizards 2 kobold mummies 2 gray oozes 2 barrow wights 2 elf zombies 2 ghouls 2 straw golems 4 giant ants 3 puppies 2 floating eyes a kitten 25 dwarves 5 homunculi a kobold lord 2 kobold shamans 4 iguanas 17 hill orcs 3 rothes 2 rabid rats 3 jitterbugs 2 giant bats 2 monkeys an orc zombie a dwarf zombie 3 wererats a werejackal 17 killer bees a gas spore 11 hobbits an acid blob 2 large kobolds 6 geckos 14 hobgoblins 4 giant rats 10 cave spiders 2 brown molds 7 yellow molds a green mold 4 red molds 41 gnomes 5 garter snakes a gnome zombie 16 jackals 2 foxes 6 kobolds 16 newts 13 goblins 11 sewer rats 10 grid bugs 12 lichens 9 kobold zombies 627 creatures vanquished. Voluntary challenges: You did not cause conflict. You did not have reflection. You were not displaced. You had been an atheist until turn 1810. You used a wielded weapon 66 times, starting on turn 1329. You did not use plumbed fixtures. You read items or engraved 11 times, starting on turn 1810. You never genocided any monsters. You polymorphed 1 item, starting on turn 10192. You never changed form. You completed Sokoban on turn 3428, according to the rules. You used 1 wish, starting on turn 10261. You wished for your your first artifact on turn 10261. You never split a pudding. You never wrote Elbereth's name. You violated your moral code, losing 6 points of alignment, starting on turn 6207. Dungeon overview: The Dungeons of Doom: levels 1 to 24 Level 1 a long staircase Level 2 a general store, a fountain Level 3 (stash) Level 4 (water) a general store, a fountain stairs to The Gnomish Mines Level 5 many fountains Level 6 some fountains stairs to Sokoban Level 7 Level 8 a fountain Level 9 Level 10 a sink Level 11 Level 12 (quest) a potion shop, a fountain portal to The Quest Level 13 (throne) an altar to The Lady, a fountain Level 14 a fountain portal to Fort Ludios Level 15 Level 16 Level 17 Level 18 a fountain Level 19 Level 20 a temple to The Lady Level 21 Level 22 Level 23 a fountain Level 24 (medusa) <- You were here The Gnomish Mines: levels 5 to 12 Level 5 stairs to The Dungeons of Doom Level 6 Level 7 many shops, a temple to Blind Io, a magic chest, some fountains Level 8 Level 9 Level 10 Level 11 Level 12 a magic chest, a fountain The Quest: Level 1 portal to The Dungeons of Doom Sokoban: levels 2 to 5 Level 2 a magic chest Level 3 Level 4 Level 5 an altar to Moloch, a magic chest stairs to The Dungeons of Doom Fort Ludios: Level 1 portal to The Dungeons of Doom History has recorded: On T:1 you entered the Dungeons of Doom to retrieve the Amulet of Yendor! On T:199 you reached level 2 of The Dungeons of Doom. On T:370 you reached level 3 of The Dungeons of Doom. On T:621 you advanced to experience level 2. On T:717 you advanced to experience level 3. On T:1023 you reached level 5 of The Dungeons of Doom. On T:1116 you reached level 1 of The Gnomish Mines. On T:1188 you advanced to experience level 4. On T:1386 you reached level 6 of The Dungeons of Doom. On T:1449 you reached level 7 of The Dungeons of Doom. On T:1565 you advanced to experience level 5. On T:1685 you reached level 4 of Sokoban. On T:1808 you opened a magic chest. On T:1840 you advanced to experience level 6. On T:2104 you reached level 3 of Sokoban. On T:2485 you reached level 2 of Sokoban. On T:3018 you reached level 1 of Sokoban. On T:3021 you advanced to experience level 7. On T:3428 you advanced to experience level 8. On T:3428 you entered the Sokoban zoo. On T:3623 you reached level 2 of The Gnomish Mines. On T:3775 you reached level 3 of The Gnomish Mines. On T:4099 you entered the Minetown temple On T:4422 you reached level 4 of The Gnomish Mines. On T:4489 you advanced to experience level 9. On T:4579 you reached level 5 of The Gnomish Mines. On T:5039 you reached level 6 of The Gnomish Mines. On T:5347 you reached level 7 of The Gnomish Mines. On T:5706 you reached level 8 of The Gnomish Mines. On T:5706 you reached the bottom of the Mines. On T:7007 you reached level 8 of The Dungeons of Doom. On T:7109 you advanced to experience level 10. On T:7324 you reached level 9 of The Dungeons of Doom. On T:7343 you reached level 10 of The Dungeons of Doom. On T:7612 you reached level 11 of The Dungeons of Doom. On T:7974 you reached level 12 of The Dungeons of Doom. On T:8102 you reached level 13 of The Dungeons of Doom. On T:8260 you reached level 14 of The Dungeons of Doom. On T:8320 you prayed to The Lady. On T:8952 you reached level 15 of The Dungeons of Doom. On T:8952 you entered the Rogue tribute level. On T:9292 you reached Fort Ludios. On T:10261 you wished for "blessed fixed greased the orb of fate". On T:10608 you reached level 16 of The Dungeons of Doom. On T:10716 you advanced to experience level 11. On T:11454 you reached level 17 of The Dungeons of Doom. On T:11547 you reached level 18 of The Dungeons of Doom. On T:11660 you advanced to experience level 12. On T:12180 you reached level 1 of The Quest. On T:12321 you advanced to experience level 13. On T:12322 you advanced to experience level 14. On T:12607 you reached level 19 of The Dungeons of Doom. On T:12678 you advanced to experience level 15. On T:12807 you reached level 20 of The Dungeons of Doom. On T:13629 you reached level 21 of The Dungeons of Doom. On T:13704 you prayed to The Lady. On T:13794 you reached level 22 of The Dungeons of Doom. On T:14107 you reached level 23 of The Dungeons of Doom. On T:14321 you reached level 24 of The Dungeons of Doom. Score breakdown: Gold: 0 ( 0 points) Experience: 15 levels ( 1400 points) Exploration: 24 levels ( 690 points) Discoveries: 74 items ( 2000 points) Variety of kills: 148 monsters ( 2000 points) Major goal: Sokoban/Mines ( 1500 points) Survival: died (score multiplied by 3) Total score: 22770 Latest messages: Your movements are now unencumbered. You produce a strange whistling sound. You named this level: medusa. The invisible warhorse misses the wererat. (2x) The titan casts a spell! The titan is suddenly moving faster. The invisible warhorse kicks the wererat. The invisible warhorse bites the wererat. The wererat summons help! The wererat misses the invisible warhorse. You kill the wererat! The sewer rat misses. (2x) The sewer rat bites! The invisible warhorse misses the sewer rat. The invisible warhorse bites the sewer rat. The sewer rat misses the invisible warhorse. You hear some noises. You throw 2 darts. The 1st dart hits the sewer rat! You kill the sewer rat! The invisible warhorse kicks the sewer rat. The sewer rat is killed! The titan zaps a short wand! The death ray hits you! Final status: Aloha woodfighter the Tourist, killed by a death ray... You died in The Dungeons of Doom on dungeon level 24 with 22770 points, and 0 pieces of gold, after 14397 moves. You were level 15 with a maximum of 86 hit points when you died.